 Dungeon Crawl Stone Soup version 0.31-a0-986-g5e6e4ef867 (webtiles) character file.

Game seed: 420483691808218251

88 gelatine the Trooper (level 4, -3/35 HPs)
             Began as a Demonspawn Fighter on Nov 15, 2023.
             Slain by a gnoll
             ... wielding a +0 halberd
              (7 damage)
             ... on level 3 of the Dungeon.
             The game lasted 00:03:47 (1615 turns).

gelatine the Trooper (Demonspawn Fighter)           Turns: 1615, Time: 00:03:49

Health: -3/35      AC:  7    Str: 19    XL:     4   Next: 29%
Magic:  4/4        EV: 10    Int:  9    God:
Gold:   92         SH:  4    Dex: 12    Spells: 3/3 levels left

rFire   . . .        a - +0 war axe
rCold   + . .        c - +0 buckler
rNeg    . . .        h - +0 ring mail {rPois}
rPois   +            (no helmet)
rElec   .            (cloak unavailable)
rCorr   .            t - +1 pair of gloves
SInv    .            (no boots)
Will    .....        s - amulet of regeneration
Stlth   +            m - ring of wizardry
HPRegen 1.05/turn    u - ring of protection from cold
MPRegen 0.09/turn

%: wizardry (x1)
@: no status effects
A: weakness stinger 3
a: no special abilities


You were on level 3 of the Dungeon.
You visited 1 branch of the dungeon, and saw 3 of its levels.

You collected 92 gold pieces.

Inventory:

Hand Weapons
 a - a +0 war axe (weapon)
Missiles
 f - 2 poisoned darts (quivered)
 j - 15 stones
Armour
 c - a +0 buckler (worn)
 h - a +0 ring mail of poison resistance (worn)
 t - a +1 pair of gloves (worn)
Magical Staves
 i - a staff of air
Jewellery
 m - a ring of wizardry (left hand)
 s - an amulet of regeneration (around neck)
 u - a ring of protection from cold (right hand)
Scrolls
 e - a scroll of blinking {unknown}
 k - a scroll of fear {unknown}
 l - 4 scrolls of identify {unknown}
 o - a scroll of vulnerability {unknown}
 p - a scroll of summoning {unknown}
 q - a scroll of teleportation {unknown}
 r - 2 scrolls of immolation {unknown}
Potions
 b - a potion of enlightenment {unknown}
 d - 2 potions of might
 g - 2 potions of haste {unknown}
 n - a potion of magic {unknown}


   Skills:
 + Level 3.4 Fighting
 + Level 2.5 Axes
 + Level 1.0 Throwing
 + Level 3.3 Armour
 + Level 0.4 Dodging
 + Level 3.0 Shields


You had 3 spell levels left.
You didn't know any spells.
Your spell library was empty.

Dungeon Overview and Level Annotations

Branches:
Dungeon (3/15)

Altars:


Innate Abilities, Weirdness & Mutations

You have a sharp stinger which inflicts weakening toxins.


Message History

You throw a poisoned dart.
The poisoned dart closely misses the gnoll.
A gnoll comes into view.
It is wielding a +1 flail of holy wrath.
You throw a poisoned dart. The poisoned dart hits the gnoll.
The gnoll is poisoned.
The gnoll shouts!
You throw a poisoned dart.
The poisoned dart completely misses the gnoll.
The poisoned dart hits the gnoll.
The gnoll is poisoned.
You hit the gnoll but do no damage.
You tail-slap the gnoll, but do no damage.
The gnoll is lightly wounded.
The gnoll closely misses you.
You barely miss the gnoll. You tail-slap the gnoll.
The gnoll looks weaker.
The gnoll is moderately wounded.
You block the gnoll's attack. x2
The gnoll shouts!
You hit the gnoll.
Your tail-slap misses the gnoll.
The gnoll is severely wounded.
The gnoll hits you but does no damage.
A gnoll opens the door.
You hit the gnoll.
The gnoll is almost dead.
You kill the gnoll!
You barely miss the gnoll.
You tail-slap the gnoll, but do no damage.
The gnoll is lightly wounded.
The gnoll hits you with a +1 flail of holy wrath.
You convulse.
You hit the gnoll.
The gnoll is heavily wounded.
The gnoll looks more healthy.
The gnoll hits you with a +1 flail of holy wrath!
You convulse!
The gnoll hits you but does no damage.
Found a scroll labelled XIXOPR ZERYRPH.
The gnoll hits you with a +1 flail of holy wrath!
* * * LOW HITPOINT WARNING * * *
You convulse.
* * * LOW HITPOINT WARNING * * *
The gnoll hits you with a +0 halberd!
You die...

#...# #...# #...#
#...# #...##+##
#..?#...#
######'#####'##...#
#...<)((..(g@.....#
#..........##g....#
..
#################.#
##.. .8.♣.♣..##
#.#.. .........#
#.#. .♣.♣.♣...###.#
#####.#...##
#.#....# #...##.##


You could see 2 gnolls.

Vanquished Creatures
  Terence (D:2)
  2 gnolls (D:3)
  2 worms
  4 bats
  An endoplasm (D:2)
  3 giant cockroaches
  5 goblins
  2 hobgoblins
  4 jackals (D:2)
  6 ball pythons
  3 frilled lizards (D:1)
  2 kobolds
  2 rats
37 creatures vanquished.

Notes
Turn   | Place    | Note
-------+----------+-------------------------------------------
     0 | D:1      | gelatine the Demonspawn Fighter began the quest for the
                  | Orb.
     0 | D:1      | Reached XP level 1. HP: 18/18 MP: 1/1
   327 | D:1      | Gained mutation: You have a small tail. [demonic ancestry]
   327 | D:1      | Reached XP level 2. HP: 24/24 MP: 2/2
  1159 | D:2      | Gained mutation: You have a tail ending in a sharp stinger.
                  | [demonic ancestry]
  1159 | D:2      | Reached XP level 3. HP: 29/29 MP: 3/3
  1378 | D:2      | Noticed Terence
  1387 | D:2      | Killed Terence
  1388 | D:2      | Reached skill level 1 in Throwing
  1509 | D:3      | Gained mutation: You have a sharp stinger which inflicts
                  | weakening toxins. [demonic ancestry]
  1509 | D:3      | Reached XP level 4. HP: 35/35 MP: 4/4
  1615 | D:3      | Slain by a gnoll

Illustrated notes

Levels and vault maps discovered:
D:1:      minmay_arrival_split_and_join, layout_basic
D:2:      layout_rooms, kennysheep_minor_cross, minmay_pentomino_q2,
          uniq_terence
D:3:      layout_basic, gammafunk_ghost_icy, nrook_uturn,
          chequers_serial_rivers_small_b, minmay_misc_feat_rugged,
          corexii_leaking_fountain, hangedman_glass_teeth, chequers_avenue,
          kennysheep_generic_room_5

Skill      XL: |  1  2  3 |
---------------+----------+-----
Shields        | 3 |  3.0
Armour         | 3 |  3.3
Axes           | 2 |  2.5
Throwing       | 1 |  1.0
Fighting       | |  3.4
Dodging        | |  0.4

Action                     |  1- 3 |  4- 6 || total
---------------------------+-------+-------++-------
  Melee: War axe           |    60 |    17 ||    77
         Tailslap          |     2 |     4 ||     6
  Throw: Dart              |    36 |     3 ||    39
 Armour: Ring mail         |    33 |    14 ||    47
         Scale mail        |     1 |       ||     1
  Dodge: Dodged            |    30 |     3 ||    33
  Block: Buckler           |    18 |     2 ||    20

Table legend: (Time is in decaauts)
 A = Elapsed time spent in this place.
 B = Non-inter-level travel time spent in this place.
 C = Inter-level travel time spent in this place.
 D = Time resting spent in this place.
 E = Time spent auto-exploring this place.
 F = Levels seen in this place.
 G = Mean time per level.
                   A        B        C        D        E       F      G
               +--------+--------+--------+--------+--------+-----+--------+
         Total |   1648 |   1570 |     78 |      0 |   1165 |   3 |  549.3 |
       Dungeon |   1648 |   1570 |     78 |      0 |   1165 |   3 |  549.3 |
               +--------+--------+--------+--------+--------+-----+--------+

Top non-repeatable levels by time:
     D:1: 819 daAuts
     D:2: 705 daAuts
     D:3: 123 daAuts
